 Dungeon Crawl Stone Soup version 0.24.0-13-gcf9b319 (webtiles) character file.

Game seed: 16682224803598306174, levelgen mode: deterministic

15 Bronimir the Stinger (level 2, -1/19 HPs)
             Began as a Formicid Venom Mage on Mar 30, 2020.
             Slain by a jackal (3 damage)
             ... on level 1 of the Dungeon.
             The game lasted 00:02:12 (705 turns).

Bronimir the Stinger (Formicid Venom Mage)           Turns: 705, Time: 00:02:12

Health: -1/19      AC:  2    Str: 12    XL:     2   Next: 65%
Magic:  0/5        EV: 12    Int: 14    God:
Gold:   60         SH:  0    Dex: 11    Spells: 2/5 levels left

rFire    . . .     SeeInvis +   h - +0 club
rCold    . . .     Gourm    .   (no shield)
rNeg     . . .     Faith    .   a - +0 robe
rPois    .         Spirit   .   (helmet unavailable)
rElec    .         Reflect  .   (no cloak)
rCorr    .         Harm     .   (no gloves)
MR       .....                  (no boots)
Stlth    ++........             (no amulet)
HPRegen  0.06/turn              (no ring)
MPRegen  0.09/turn              (no ring)

@: no status effects
A: permanent stasis, dig shafts and tunnels, four strong arms, antennae 3
a: Dig, Shaft Self


You were on level 1 of the Dungeon.
You were not hungry.

You visited 1 branch of the dungeon, and saw 1 of its levels.

You collected 60 gold pieces.

Inventory:

Hand Weapons
 b - a +0 hunting sling
 h - a +0 club (weapon)
Missiles
 g - 31 stones
 i - 14 poisoned darts (quivered)
 m - 20 arrows
Armour
 a - a +0 robe (worn)
 f - a +0 ring mail
Scrolls
 d - a scroll of identify {unknown}
 k - a scroll of remove curse {unknown}
Potions
 e - a potion of heal wounds {unknown}
 l - a potion of brilliance {unknown}
Comestibles
 c - 2 rations
 j - 3 chunks of flesh


   Skills:
 * Level 0.7 Armour
 + Level 1.9 Dodging
 - Level 2.4 Stealth
 + Level 2.3 Spellcasting
 * Level 1.1 Conjurations
 * Level 4.4 Poison Magic


You had 2 spell levels left.
You knew the following spells:

 Your Spells              Type           Power        Failure   Level  Hunger
a - Sting                 Conj/Pois      #...         8%          1    #......
b - Poisonous Vapours     Pois/Air       #.....       14%         2    ###....

Your spell library contained the following spells:

 Spells                   Type           Power        Failure   Level  Hunger
 Mephitic Cloud           Conj/Pois/Air  #.......     32%         3    ###....
 Olgreb's Toxic Radiance  Pois           ##......     36%         4    #####..
 Venom Bolt               Conj/Pois      #.........   90%         5    ######.


Dungeon Overview and Level Annotations

Branches:
Dungeon (1/15)

Altars:


Innate Abilities, Weirdness & Mutations

You cannot be hasted, slowed, berserked, paralysed or teleported.
You can dig through walls and to a lower floor.
Your four strong arms can wield two-handed weapons with a shield.
You have a pair of large antennae on your head. (SInv)


Message History

The jackal bites you.
* * * LOW HITPOINT WARNING * * *
The jackal barely misses you.
You closely miss the jackal.
The jackal is severely wounded.
The jackal bites you.
* * * LOW HITPOINT WARNING * * *
The jackal barely misses you.
You closely miss the jackal.
The jackal is severely wounded.
The jackal closely misses you.
Casting: Sting (safe; 8% risk of failure)
Confirm with . or Enter, or press ? or * to list all spells.
Aiming: Sting (safe; 8% risk of failure)
Press: ? - help, Shift-Dir - straight line, f/p - jackal
Aim: a jackal (heavily wounded)
The sting misses the jackal.
The sting hits the giant cockroach but does no damage.
The giant cockroach is poisoned.
The jackal bites you.
You die...

h# ### { h# {....
.# #### ###.# # #
#...# # #.##.#.#
#...s..# ####h###
######### #@#
#.......#
#.######....#..###
#.......#..#......
####..#...#....###
#....#...†..#
#..#...#....#
#....#..#####
#####.### ###


You could see a jackal and a giant cockroach.

Vanquished Creatures
  2 goblins (D:1)
  3 hobgoblins (D:1)
  2 jackals (D:1)
  A kobold (D:1)
  A bat (D:1)
  A frilled lizard (D:1)
  4 rats (D:1)
14 creatures vanquished.

Notes
Turn   | Place    | Note
-------+----------+-------------------------------------------
     0 | D:1      | Bronimir the Formicid Venom Mage began the quest for the
                  | Orb.
     0 | D:1      | Reached XP level 1. HP: 13/13 MP: 3/3
   371 | D:1      | Reached XP level 2. HP: 17/19 MP: 3/5
   590 | D:1      | Reached skill level 1 in Conjurations
   600 | D:1      | Learned a level 2 spell: Poisonous Vapours
   705 | D:1      | Slain by a jackal

Levels and vault maps discovered:
D:1:      dpeg_arrival_tiny_g, layout_loops_cross, hex_tiny

Skill      XL: |  1  2 |
---------------+-------+-----
Conjurations   | 1 |  1.1
Armour         | |  0.7
Dodging        | |  1.9
Stealth        | |  2.4
Spellcasting   | |  2.3
Poison Magic   | |  4.4

Action                   || total
-------------------------++-------
Melee: Club              ||    37
       Unarmed           ||     4
Throw: Dart              ||     4
 Cast: Sting             ||    15
       Poisonous Vapours ||     2
Armor: Robe              ||    18
Dodge: Dodged            ||    39
